 Dungeon Crawl Stone Soup version 0.29-a0-483-g69413ace17 (webtiles) character file.

Game seed: 8118454113687927832

38 Esekla the Sneak (level 3, -3/26 HPs)
             Began as an Octopode Delver on May 26, 2022.
             Slain by a phantom (4 damage)
             ... on level 5 of the Dungeon.
             The game lasted 00:01:12 (79 turns).

Esekla the Sneak (Octopode Delver)                    Turns: 79, Time: 00:01:12

Health: -3/26      AC:  1    Str: 11    XL:     3   Next: 43%
Magic:  3/3        EV: 13    Int: 14    God:
Gold:   15         SH:  0    Dex: 13    Spells: 3/3 levels left

rFire   . . .      SeeInvis .   a - +0 falchion
rCold   . . .      Faith    .   (no shield)
rNeg    . . .      Spirit   .   (helmet restricted)
rPois   .          Reflect  .   (no amulet)
rElec   .          Harm     .   (no ring)
rCorr   .          Rampage  .   (no ring)
Will    .....                   (no ring)
Stlth   ++++......              (no ring)
HPRegen 0.08/turn               (no ring)
MPRegen 0.08/turn               (no ring)
                                (no ring)
                                (no ring)

@: no status effects
A: almost no armour, amphibious, 8 rings, camouflage 1, gelatinous body 1,
(nimble swimmer 1), tentacles
a: no special abilities


You were on level 5 of the Dungeon.
You visited 1 branch of the dungeon, and saw 1 of its levels.

You collected 15 gold pieces.

Inventory:

Hand Weapons
 a - a +0 falchion (weapon)
Jewellery
 c - an amulet of reflection
Wands
 f - a wand of digging (3)
Scrolls
 b - a scroll of fog
 d - a scroll of fear
Potions
 e - a potion of haste
 g - a potion of mutation {unknown}


   Skills:
 * Level 3.2 Fighting
 * Level 2.2 Long Blades
 * Level 2.2 Dodging
 + Level 7.3 Stealth
 * Level 0.6 Spellcasting


You had 3 spell levels left.
You didn't know any spells.
Your spell library was empty.

Dungeon Overview and Level Annotations

Branches:
Dungeon (5/15)
 Temple: D:4-7

Altars:
Lugonu

Annotations:
D:5 2 runed translucent doors


Innate Abilities, Weirdness & Mutations

You cannot wear most types of armour.
You are amphibious.
You can wear up to eight rings at the same time.
Your skin changes colour to match your surroundings (Stealth+).
Your rubbery body absorbs attacks. (AC +1, EV +1)
((You are camouflaged when in or above water. (Stealth+)))
You have tentacles for arms and can constrict up to eight enemies at once.


Message History

Your squeeze misses the howler monkey.
The howler monkey is lightly wounded.
You constrict the howler monkey. The howler monkey barely misses you.
The howler monkey hits you.
You slash the howler monkey! You squeeze the howler monkey!
The howler monkey is almost dead.
You constrict the howler monkey.
The howler monkey hoots and howls with incredible vigour!
You hear an angry hiss. x2
You barely miss the howler monkey.
The howler monkey is almost dead.
You constrict the howler monkey.
You kill the howler monkey!
Your Stealth skill increases to level 7!
You have reached level 2!
You have reached level 3!
Your experience leads to an increase in your attributes!
Increase (S)trength, (I)ntelligence, or (D)exterity?
You feel clever. x2
A phantom comes into view.
Found a scroll labelled ZUOT LEXOIRGH.
You barely miss the phantom. The phantom hits you.
You closely miss the phantom.
You squeeze the phantom, but do no damage.
The phantom misses you. The phantom hits you.
The phantom blinks!
You blink.
Found a large runed translucent door.
Found 10 gold pieces.
The phantom hits you.
The phantom blinks!
You blink.
Found a corrupted altar of Lugonu.
The phantom hits you.
You hit the phantom.
The phantom is lightly damaged.
The phantom hits you!
* * * LOW HITPOINT WARNING * * *
The phantom blinks!
You blink.
Found a scroll labelled FOPHUJ VOUMAKH.
You closely miss the phantom.
The phantom is lightly damaged.
A hound comes into view.
The phantom hits you.
You die...

,**,,,,,,,,,,,,,,,* *,,,,,,*,**
,*****,*,,,,,*,**.# *,,,,,,*,**
,,^,,,,*,**,,,,,,.# *,,,,,,,,,,
********,**,,,,,,.# *,,,,,,,,**
****,*,*,,,,,****.##***,,,,,,,,,,
,**.,,******,,,,,..#*,#,,,,,,*,,,
,,*#§.,* ***###..##.#h,,,,,*,,,
∩,,§KK.########.........,,,,,*,,,
,,*#§_.$.+......@.......,,#..#.S.
,**#KK...+§..#.W........,,#[.#...
***....#####.#....###.##**#......
*#*,,**,,..#..#....,* #.#....
*,*,**,####....#...# #.#....
******.#####.###.### #.##...
*........##.# #.##...
***#############.§..# #.#*#..
,,,..........# #.##########.###.#


You could see a phantom and a hound (wandering).

Vanquished Creatures
  A howler monkey (D:5)
1 creature vanquished.

Notes
Turn   | Place    | Note
-------+----------+-------------------------------------------
     0 | D:5      | Esekla the Octopode Delver began the quest for the Orb.
     0 | D:5      | Reached XP level 1. HP: 16/16 MP: 1/1
    11 | D:5      | Noticed a water moccasin
    46 | D:5      | Noticed a howler monkey
    56 | D:5      | Killed a howler monkey
    57 | D:5      | Reached skill level 7 in Stealth
    57 | D:5      | Reached XP level 2. HP: 15/21 MP: 2/2
    57 | D:5      | Reached XP level 3. HP: 19/26 MP: 3/3
    71 | D:5      | Noticed a phantom
    74 | D:5      | Found a large runed translucent door.
    75 | D:5      | Found a large runed translucent door.
    76 | D:5      | Found a corrupted altar of Lugonu.
    76 | D:5      | Noticed a kobold brigand
    78 | D:5      | HP: 1/26 [phantom (7)]
    79 | D:5      | Slain by a phantom

Illustrated notes

Levels and vault maps discovered:
D:5:      due_chaos_kobolds, layout_basic

Skill      XL: |  1 |
---------------+----+-----
Stealth        | 7 |  7.3
Fighting       | |  3.2
Long Blades    | |  2.2
Dodging        | |  2.2
Spellcasting   | |  0.6

Action                   || total
-------------------------++-------
Melee: Falchion          ||     7
       Tentacles         ||     2
       Constrict         ||     1
  Use: Scroll            ||     1
 Stab: Sleeping          ||     1
Dodge: Dodged            ||     2

Table legend: (Time is in decaauts)
 A = Elapsed time spent in this place.
 B = Non-inter-level travel time spent in this place.
 C = Inter-level travel time spent in this place.
 D = Time resting spent in this place.
 E = Time spent auto-exploring this place.
 F = Levels seen in this place.
 G = Mean time per level.
                   A        B        C        D        E       F      G
               +--------+--------+--------+--------+--------+-----+--------+
         Total |     80 |     80 |      0 |      0 |      0 |   1 |   80.0 |
       Dungeon |     80 |     80 |      0 |      0 |      0 |   1 |   80.0 |
               +--------+--------+--------+--------+--------+-----+--------+

Top non-repeatable levels by time:
     D:5: 80 daAuts
